 Dungeon Crawl Stone Soup version 0.30-a0-778-g2ef04afb54 (webtiles) character file.

Game seed: 6517626786409623346

153 BigDaddyOpFi the Digger (level 5, -2/38 HPs)
             Began as a Meteoran Earth Elementalist on Feb 15, 2023.
             Slain by a gnoll
             ... wielding a +2 halberd of flaming
              (15 damage)
             ... on level 7 of the Dungeon.
             The game lasted 00:03:13 (1992 turns).

BigDaddyOpFi the Digger (MeEE)                      Turns: 1992, Time: 00:03:13

Health: -2/38      AC:  3    Str: 10    XL:     5   Next: 93%
Magic:  12/12      EV: 12    Int: 18    God:
Gold:   145        SH:  0    Dex: 14    Spells: 8/12 levels left

rFire   . . .      SeeInvis .    o - +3 rapier (venom)
rCold   . . .      Faith    .    (no shield)
rNeg    + . .      Spirit   .    a - +1 robe
rPois   .          Reflect  .    (no helmet)
rElec   .          Harm     .    (no cloak)
rCorr   +          Rampage  .    (no gloves)
Will    .....                    (no boots)
Stlth   +                        (no amulet)
HPRegen 0.26/turn                m - ring of positive energy
MPRegen 0.13/turn                r - ring of resist corrosion

@: marked, glowing
A: sense surroundings 1, otherworldly, glowing, explore regen
a: no special abilities


You were on level 7 of the Dungeon.
You visited 1 branch of the dungeon, and saw 5 of its levels.

You collected 145 gold pieces.

Inventory:

Hand Weapons
 d - a +0 short sword
 o - a +3 rapier of venom (weapon)
Armour
 a - a +1 robe (worn)
Jewellery
 m - a ring of positive energy (left hand)
 r - a ring of resist corrosion (right hand)
Scrolls
 c - a scroll of silence
 f - a scroll of blinking
 g - a scroll of enchant weapon
Potions
 b - a potion of magic
 h - a potion of ambrosia
 i - a potion of might {unknown}
 j - 2 potions of curing {unknown}
 k - 3 potions of heal wounds {unknown}
 n - a potion of brilliance {unknown}
 p - a potion of flight {unknown}
 q - a potion of degeneration {unknown}


   Skills:
 - Level 2.4 Dodging
 - Level 1.4 Stealth
 + Level 4.4 Spellcasting
 + Level 3.2 Conjurations
 - Level 1.2 Transmutations
 + Level 5.0 Earth Magic


You had 8 spell levels left.
You knew the following spells:

 Your Spells              Type           Power      Damage    Failure   Level
a - Sandblast             Erth           44%        2d11      1%          1
b - Stone Arrow           Conj/Erth      36%        3d9       8%          3

Your spell library contained the following spells:

 Spells                   Type           Power      Damage    Failure   Level
 Passwall                 Tmut/Erth      12%        N/A       6%          2
 Ignite Poison            Fire/Tmut/Pois 5%         N/A       34%         3
 Petrify                  Tmut/Erth      15%        N/A       36%         4
 Sticky Flame             Conj/Fire      9%         2d3       58%         4
 Ignition                 Fire           1%         3d3       100%        8


Dungeon Overview and Level Annotations

Branches:
Dungeon (4/15) Zot: 975
 Temple: D:4-7

Altars:
Dithmenos
Kikubaaqudgha


Innate Abilities, Weirdness & Mutations

You passively map a small area around you.
You are easily found by Zot.
You glow in the dark.
You regain HP and MP as you explore.


Message History

With a horrendous wail, an alarm goes off!
A sentinel's mark forms upon you.
A gnoll comes into view. It is wielding a +2 halberd of flaming.
A gnoll comes into view. It is wielding a +0 whip.
A gnoll comes into view. It is wielding a +0 halberd.
The gnoll throws a throwing net.
The throwing net hits you.
You become entangled in the net!
A gnoll comes into view. It is wielding a +0 whip.
You see here a throwing net.
You struggle against the net.
You struggle against the net.
You struggle against the net.
You struggle against the net.
The gnoll hits you from afar with a +2 halberd of flaming!
The gnoll burns you.
You struggle against the net.
The gnoll closely misses you.
You rip the net and break free!
The gnoll hits you from afar with a +2 halberd of flaming!
The gnoll burns you.
A centaur comes into view.
Your hearing returns.
An ogre comes into view. It is wielding a +0 giant club.
Blink to where?
Press: ? - help, Dir - move target, f - you Are you sure you want to cancel this blink?
Okay, then.
As you read the scroll labelled YLARHILLATUAT, it crumbles to dust.
It was a scroll of blinking.
As you read the scroll labelled ERAUNE TEYZXODGH, it crumbles to dust.
It is a scroll of enchant armour.
Your +0 robe glows green for a moment.
The gnoll misses you.
As you read the scroll labelled YDID BAATOUNYV, it crumbles to dust.
It is a scroll of enchant weapon.
Your +2 rapier of venom glows red for a moment.
The gnoll barely misses you.
As you read the scroll labelled WYN QOTIECASK, it crumbles to dust.
Your body is wracked with pain!
The ogre convulses!
The gnoll convulses! x4
It was a scroll of torment.
The gnoll hits you from afar with a +2 halberd of flaming!
You die...

######..#
........#######
......c........
* * ###*
#...g..... * ,
..# #.########
,** #.# #g# *
#.# #g# * ,*
#O# #.# , * #@#
#g# #.# #g# #g#
#.# #g#####.#
#gg.gg..#
#######.# ###


You could see an ogre and 4 gnolls.

Vanquished Creatures
  A hound (D:4)
  A gnoll (D:4)
  5 adders
  4 dart slugs
  2 orcs
  4 endoplasms (D:3)
  2 giant cockroaches (D:1)
  5 goblins
  3 hobgoblins
  3 jackals (D:4)
  6 kobolds
  4 quokkas
  5 ball pythons
  6 bats
  6 frilled lizards
  3 rats (D:1)
60 creatures vanquished.

Notes
Turn   | Place    | Note
-------+----------+-------------------------------------------
     0 | D:1      | BigDaddyOpFi the Meteoran Earth Elementalist began the
                  | quest for the Orb.
     0 | D:1      | Reached XP level 1. HP: 14/14 MP: 5/5
   100 | D:1      | Reached XP level 2. HP: 20/20 MP: 5/7
   104 | D:1      | Reached skill level 1 in Conjurations
   237 | D:1      | Reached skill level 4 in Earth Magic
   300 | D:1      | Reached XP level 3. HP: 22/26 MP: 5/8
   508 | D:2      | Identified the +4 short sword of Karma {elec, Int+2}
   885 | D:2      | Reached XP level 4. HP: 27/33 MP: 7/10
   911 | D:2      | Found a faded altar of an unknown god.
  1548 | D:3      | Found an ancient bone altar of Kikubaaqudgha.
  1551 | D:3      | Found a shadowy altar of Dithmenos.
  1627 | D:3      | Reached XP level 5. HP: 35/38 MP: 9/11
  1677 | D:3      | Glimpsed the power of Zot.
  1885 | D:4      | Reached skill level 5 in Earth Magic
  1908 | D:4      | Learned a level 3 spell: Stone Arrow
  1955 | D:4      | You fall into a shaft and drop 3 floors!
  1977 | D:7      | Noticed a centaur
  1988 | D:7      | Noticed an ogre
  1992 | D:7      | Slain by a gnoll

Illustrated notes

Levels and vault maps discovered:
D:1:      dpeg_arrival_radiant, layout_rooms, serial_glass, glass_columns_c,
          glass_columns_c
D:2:      layout_basic, ebering_ecumenical_altar_hall
D:3:      layout_basic, jmf_multi_god_temple, nicolae_overflow_hidden_temple,
          serial_shops, nicolae_shop_trees, grunt_ministairs_9, st_stairs_10
D:4:      minmay_octagon_keep, layout_loops_ring, minitemple,
          minmay_temple_entry_enclosed_plants, nicolae_kite_square_tiling_tiny
D:7:      layout_basic, okawaru_altar_gauntlet_db, serial_shops,
          nicolae_stop_n_shop_2, nicolae_inconvenience_store, kennysheep_mini,
          enter_bailey_3, uniq_maggie

Skill      XL: |  1  2  3  4  5 |
---------------+----------------+-----
Spellcasting   | 3 4 |  4.4
Conjurations   | 1 2 3 |  3.2
Earth Magic    | 4 5 |  5.0
Dodging        | |  2.4
Stealth        | |  1.4
Transmutations | |  1.2

Action                     |  1- 3 |  4- 6 || total
---------------------------+-------+-------++-------
  Melee: Short sword       |    29 |     9 ||    38
   Cast: Sandblast         |    26 |    44 ||    70
    Use: Potion            |       |     1 ||     1
         Scroll            |       |     5 ||     5
 Armour: Robe              |     9 |     8 ||    17
  Dodge: Dodged            |    22 |    19 ||    41

Table legend: (Time is in decaauts)
 A = Elapsed time spent in this place.
 B = Non-inter-level travel time spent in this place.
 C = Inter-level travel time spent in this place.
 D = Time resting spent in this place.
 E = Time spent auto-exploring this place.
 F = Levels seen in this place.
 G = Mean time per level.
                   A        B        C        D        E       F      G
               +--------+--------+--------+--------+--------+-----+--------+
         Total |   2023 |   1921 |    102 |    307 |   1245 |   5 |  404.6 |
       Dungeon |   2023 |   1921 |    102 |    307 |   1245 |   5 |  404.6 |
               +--------+--------+--------+--------+--------+-----+--------+

Top non-repeatable levels by time:
     D:3: 668 daAuts
     D:2: 604 daAuts
     D:1: 465 daAuts
     D:4: 248 daAuts
     D:7: 36 daAuts
